 Dungeon Crawl Stone Soup version 0.30-a0-1035-g38d5fb2972 (webtiles) character file.

Game seed: 9748211410580189372

24975 dylz the Severer (level 12, -10/101 HPs)
             Began as a Demigod Fighter on Apr 9, 2023.
             Mangled by a brown ugly thing (13 damage)
             ... on level 14 of the Dungeon.
             The game lasted 00:28:47 (16127 turns).

dylz the Severer (Demigod Fighter)                 Turns: 16127, Time: 00:28:53

Health: -10/101    AC: 12    Str: 34    XL:     12   Next: 50%
Magic:  6/6        EV: 11    Int: 10    God:
Gold:   1108       SH:  0    Dex: 26    Spells: 11/11 levels left

rFire   + . .      SeeInvis +    s - +5 scythe "Finisher" {speed, eviscerate}
rCold   . . .      Faith    .    (shield currently unavailable)
rNeg    + . .      Spirit   .    F - +0 plate armour of the Stag {Str+3 Dex+2}
rPois   .          Reflect  .    k - +1 helmet
rElec   .          Rampage  +    o - +2 cloak
rCorr   .                        z - +0 pair of gloves
Will    ++...                    (no boots) Stlth
                                 v - amulet of Cocoepis {RegenMP Rampage rF+ MP-9 Dex+3 SInv}
HPRegen 0.36/turn                e - +6 ring of strength
MPRegen 0.50/turn                L - ring "Kerauwov" {Fly rN+ Will+}

@: confused, about to teleport, ambrosia-drunk, corroded, flying
A: high MP 1, forlorn, divine attributes
a: no special abilities


You were on level 14 of the Dungeon.
You visited 1 branch of the dungeon, and saw 14 of its levels.

You collected 1108 gold pieces.

Inventory:

Hand Weapons
 a - a +1 long sword
 f - the +7 war axe "Fateissoqe" {freeze, rF+ SInv}
   (You found it on level 2 of the Dungeon)

   rF:        It protects you from fire.
   SInv:      It lets you see invisible.
 s - the +5 scythe "Finisher" (weapon) {speed, eviscerate}
   (You found it on level 11 of the Dungeon)
Armour
 c - a +0 buckler
 k - a +1 helmet (worn)
 o - a +2 cloak (worn)
 z - a +0 pair of gloves (worn)
 F - the +0 plate armour of the Stag (worn) {Str+3 Dex+2}
   (You found it on level 11 of the Dungeon)

   Str:       It affects your strength (+3).
   Dex:       It affects your dexterity (+2).
Jewellery
 e - a +6 ring of strength (left hand)
 p - a +4 ring of protection
 v - the amulet of Cocoepis (around neck) {RegenMP Rampage rF+ MP-9 Dex+3 SInv}
   (You took it off a wight on level 7 of the Dungeon)

   [amulet of magic regeneration]

   It increases your rate of magic regeneration.
   Dex:       It affects your dexterity (+3).
   rF:        It protects you from fire.
   MP:        It affects your magic capacity (-9).
   SInv:      It lets you see invisible.
   Rampage:   It bestows one free step when moving towards enemies.
 L - the ring "Kerauwov" (right hand) {Fly rN+ Will+}
   (You found it on level 11 of the Dungeon)

   [ring of flight]

   rN:        It protects you from negative energy.
   Fly:       It grants you flight.
   Will:      It increases your willpower.
Wands
 w - a wand of mindburst (11)
 y - a wand of polymorph (24)
Scrolls
 b - a scroll of magic mapping
 l - 4 scrolls of poison
 m - a scroll of amnesia {unknown}
 r - 3 scrolls of teleportation
 A - 2 scrolls of identify
 B - a scroll of fog {unknown}
 H - a scroll of brand weapon {unknown}
 I - a scroll of immolation {unknown}
 K - a scroll of enchant armour
Potions
 g - 3 potions of flight
 h - 7 potions of curing
 j - 2 potions of invisibility
 t - 2 potions of mutation {unknown}
 u - a potion of cancellation
 C - a potion of might
 D - a potion of experience {unknown}
 G - a potion of magic


   Skills:
 + Level 8.0 Fighting
 - Level 5.5 Long Blades
 - Level 15.0 Axes
 * Level 1.6(9.9) Polearms
 * Level 8.0 Armour
 * Level 3.5 Dodging
 - Level 1.2 Stealth
 - Level 4.9 Shields


You had 11 spell levels left.
You didn't know any spells.
Your spell library contained the following spells:

 Spells                   Type           Power      Damage    Failure   Level
 Kiss of Death            Conj/Necr      0%         2d5       94%         1
 Magic Dart               Conj           0%         1d3       94%         1
 Searing Ray              Conj           0%         2d4       98%         2
 Confusing Touch          Hex            0%         N/A       100%        3
 Gell's Gravitas          Tloc           0%         N/A       100%        3
 Teleport Other           Tloc           0%         N/A       100%        3
 Dispel Undead            Necr           0%         3d6       100%        4
 Fulminant Prism          Conj/Hex       0%         3d5       100%        4
 Dispersal                Tloc           0%         N/A       100%        6


Dungeon Overview and Level Annotations

Branches:
Dungeon (14/15)            Temple (0/1) D:5            Lair (0/5) D:11
    Orc (0/2) D:12
 Vaults: D:13-14

Shops:
D:4 :   D:5 (

Portals:
Trove: D:12 (give +2 gold dragon scales)

Annotations:
D:4 3 runed translucent doors, jazmu's ghost, novice DsHu
D:7 2 transporters, hackum's ghost, novice TrFi
D:10 2 transporters, exclusion: ice statue, stickyfingers's ghost, journeyman MeMo


Innate Abilities, Weirdness & Mutations

You have an increased reservoir of magic. (+10% MP)
You shall have no god before yourself.
Your divine heritage dramatically boosts your attributes as you level up.


Message History

The brown ugly thing tentacle-slaps you!
The acid corrodes you!
You are splashed with acid.
The brown ugly thing basks in the mutagenic energy from its kin and changes!
The ynoxinul gestures.
The rust devil barely misses you. The orange demon stings you from afar.
The ufetubus closely misses you. x2; The red ugly thing tail-slaps you.
You are engulfed in flames!
You resist.
* * * LOW HITPOINT WARNING * * *
The brown ugly thing bites you!
* * * LOW HITPOINT WARNING * * *
The acid corrodes you!
You are splashed with acid!
* * * LOW HITPOINT WARNING * * *
The sun demon hits you.
* * * LOW HITPOINT WARNING * * *
You are engulfed in flames!
You resist.
* * * LOW HITPOINT WARNING * * *
You feel much better.
The brown ugly thing tentacle-slaps you but does no damage.
The ufetubus barely misses you.
The ufetubus hits you but does no damage.
The ynoxinul gestures.
The sun demon hits you!
* * * LOW HITPOINT WARNING * * *
You are engulfed in flames.
You resist.
* * * LOW HITPOINT WARNING * * *
The rust devil barely misses you.
The orange demon stings you but does no damage.
The red ugly thing tail-slaps you but does no damage.
The brown ugly thing bites you!
* * * LOW HITPOINT WARNING * * *
You are splashed with acid.
* * * LOW HITPOINT WARNING * * *
You are confused.
You feel invigorated.
The ufetubus disappears in a puff of smoke!
The ufetubus hits you but does no damage.
The ufetubus hits you.
* * * LOW HITPOINT WARNING * * *
The brown ugly thing tentacle-slaps you!
You die...

... .:
###.##
#....#
#....#
###....###..
##...5.5..'.
#..#45u5###
#..5u@33#
#..5uu55#
#..ยง444##
#......#
##.....#
#######


You could see 4 ugly things, a sun demon, an orange demon, 2 rust devils, a
ynoxinul, a chaos spawn and 8 ufetubi.

Vanquished Creatures
  2 two-headed ogres
  2 centaur warriors (D:13)
  A tengu warrior (D:13)
  Nergalle (D:10)
  A sun demon (D:14)
  A wizard (D:11)
  A deep elf pyromancer (D:13)
  3 cyclopes
  4 ugly things
  An elephant (D:11)
  A smoke demon (D:14)
  6 trolls
  Grinder (D:3)
  A hornet (D:9)
  Prince Ribbit (D:8)
  19 slime creatures
  A wraith (D:10)
  2 wyverns
  15 yaks
  A shadow (D:11)
  A basilisk (D:11)
  3 vampire mosquitoes
  7 small abominations (D:11)
  2 steam dragons
  Edmund (D:4)
  A warg (D:12)
  5 large abominations (D:11)
  2 water moccasins
  3 acid dragons
  2 orc warriors
  5 ice beasts
  2 sky beasts
  6 black bears
  2 ogres (D:5)
  A phantom (D:6)
  8 centaurs
  4 kobold brigands
  2 bullfrogs (D:8)
  3 gnoll sergeants
  4 scorpions
  6 wights
  5 killer bees (D:9)
  12 howler monkeys
  3 jellies
  Crazy Yiuf (D:2)
  13 orc priests
  A gnoll bouda (D:6)
  4 hounds
  8 iguanas
  15 orc wizards
  Natasha (thrice) (D:2)
  Robin (D:2)
  22 gnolls
  6 adders
  A dart slug (D:2)
  43 orcs
  6 ball pythons
  4 endoplasms
  2 giant cockroaches (D:3)
  17 goblins
  5 hobgoblins
  6 jackals
  37 kobolds
  4 quokkas
  3 training dummies (D:5)
  5 bats (D:1)
  5 frilled lizards
  5 rats
372 creatures vanquished.

Notes
Turn   | Place    | Note
-------+----------+-------------------------------------------
     0 | D:1      | dylz the Demigod Fighter began the quest for the Orb.
     0 | D:1      | Reached XP level 1. HP: 18/18 MP: 3/3
   302 | D:1      | Reached XP level 2. HP: 22/25 MP: 4/4
  1086 | D:2      | Identified the +7 war axe "Fateissoqe" {freeze, rF+ SInv}
  1110 | D:2      | Noticed Natasha
  1114 | D:2      | Killed Natasha
  1115 | D:2      | Reached XP level 3. HP: 30/30 MP: 5/5
  1118 | D:2      | Reached skill level 1 in Dodging
  1182 | D:2      | Noticed Natasha
  1187 | D:2      | Killed Natasha
  1189 | D:2      | Reached XP level 4. HP: 33/38 MP: 6/6
  1258 | D:2      | Noticed Robin
  1262 | D:2      | Killed Robin
  1263 | D:2      | Reached skill level 1 in Axes
  1377 | D:2      | Noticed Natasha
  1384 | D:2      | Killed Natasha
  1566 | D:2      | Found a runed translucent door.
  1567 | D:2      | Noticed Crazy Yiuf
  1856 | D:2      | Killed Crazy Yiuf
  1857 | D:2      | Reached XP level 5. HP: 45/45 MP: 7/7
  2638 | D:3      | Noticed Grinder
  2644 | D:3      | Killed Grinder
  2645 | D:3      | Reached skill level 3 in Axes
  2645 | D:3      | Reached XP level 6. HP: 44/51 MP: 8/8
  3129 | D:4      | Noticed Edmund
  3135 | D:4      | Killed Edmund
  3136 | D:4      | Reached XP level 7. HP: 42/57 MP: 9/9
  3219 | D:4      | Reached skill level 4 in Axes
  3470 | D:4      | Found a runed translucent gate.
  3470 | D:4      | Found a runed translucent gate.
  3571 | D:4      | Found Bidizal's Tremendous Tomes.
  3633 | D:4      | Found a runed translucent gate.
  3637 | D:4      | Noticed jazmu's ghost (novice DsHu)
  3859 | D:5      | Entered Level 5 of the Dungeon
  3919 | D:5      | Reached skill level 1 in Stealth
  4084 | D:5      | Reached skill level 5 in Axes
  4207 | D:5      | Found a staircase to the Ecumenical Temple.
  4331 | D:5      | Found a sand-covered staircase.
  4401 | D:5      | Reached XP level 8. HP: 66/66 MP: 10/10
  4559 | D:5      | Found Ottekoeq's Firing Range.
  4966 | D:5      | Reached skill level 6 in Axes
  5148 | D:5      | Reached skill level 5 in Long Blades
  5487 | D:6      | Reached skill level 7 in Axes
  5618 | D:6      | Reached skill level 5 in Fighting
  5618 | D:6      | Reached skill level 5 in Armour
  5653 | D:6      | Reached XP level 9. HP: 69/74 MP: 11/11
  6746 | D:7      | Identified the amulet of Cocoepis {RegenMP Rampage rF+ MP-9
                  | Dex+3 SInv}
  6753 | D:7      | Reached skill level 8 in Axes
  6817 | D:7      | Found a transporter.
  6828 | D:7      | Noticed a moth of wrath
  6829 | D:7      | Noticed hackum's ghost (novice TrFi)
  6842 | D:7      | Found a transporter.
  7767 | D:8      | Noticed a two-headed ogre
  7776 | D:8      | Killed a two-headed ogre
  7777 | D:8      | Reached skill level 9 in Axes
  8188 | D:8      | Noticed Prince Ribbit
  8192 | D:8      | Killed Prince Ribbit
  8264 | D:8      | Reached XP level 10. HP: 80/82 MP: 4/13
  8913 | D:9      | Reached skill level 10 in Axes
  9833 | D:10     | Entered Level 10 of the Dungeon
  9905 | D:10     | Reached skill level 11 in Axes
 10009 | D:10     | Noticed an ice statue
 10127 | D:10     | Found a transporter.
 10194 | D:10     | Noticed stickyfingers's ghost (journeyman MeMo)
 10194 | D:10     | Noticed a catoblepas
 10201 | D:10     | Noticed a skeletal warrior
 10236 | D:10     | Found a transporter.
 10240 | D:10     | Noticed a centaur warrior
 10405 | D:10     | Identified the ring of Yzyukun {rF+ rC+ MP+9 Dex-5 SInv}
 10451 | D:10     | Noticed Nergalle
 10457 | D:10     | Noticed a spectral orc warlord
 10461 | D:10     | Killed Nergalle
 11223 | D:11     | Found a staircase to the Lair.
 11223 | D:11     | Noticed an elephant
 11234 | D:11     | Noticed a two-headed ogre
 11237 | D:11     | Killed an elephant
 11250 | D:10     | Reached XP level 11. HP: 60/90 MP: 5/14
 11346 | D:11     | Killed a two-headed ogre
 11347 | D:11     | Reached skill level 12 in Axes
 11831 | D:11     | You fall into a shaft and drop 2 floors!
 11842 | D:13     | Noticed a tengu warrior
 11854 | D:13     | Killed a tengu warrior
 12198 | D:13     | Noticed a deep elf pyromancer
 12224 | D:13     | Killed a deep elf pyromancer
 12408 | D:13     | Reached skill level 13 in Axes
 12408 | D:13     | Noticed a centaur warrior
 12418 | D:13     | Killed a centaur warrior
 13170 | D:13     | Noticed a centaur warrior
 13188 | D:13     | Killed a centaur warrior
 13934 | D:12     | Reached skill level 14 in Axes
 14061 | D:12     | Found a portal to a secret trove of treasure.
 14193 | D:12     | Reached XP level 12. HP: 49/100 MP: 6/15
 14300 | D:12     | Found a staircase to the Orcish Mines.
 15088 | D:11     | Identified the +0 chain mail "Cessakk" {Rampage Fly rC+++
                  | Slay-3}
 15682 | D:11     | Reached skill level 15 in Axes
 15714 | D:11     | Found the +5 scythe "Finisher" {speed, eviscerate}
 15720 | D:11     | Identified the +0 plate armour of the Stag {Str+3 Dex+2}
 15729 | D:11     | Identified the ring "Kerauwov" {Fly rN+ Will+}
 16103 | D:14     | Noticed a catoblepas
 16115 | D:14     | Reached skill level 1 in Polearms
 16125 | D:14     | HP: 1/101 [sun demon (7)]
 16127 | D:14     | Mangled by a brown ugly thing

Illustrated notes

Levels and vault maps discovered:
D:1:      lightli_iron_boxes, layout_basic,
          dreamdust_ecumenical_altar_hidden_monk_grotto
D:2:      layout_loops_ring, uniq_crazy_yiuf_cottage, uniq_natasha, uniq_robin
D:3:      minmay_recursive_quarters, layout_basic, minivault_11, uniq_grinder
D:4:      layout_basic, gammafunk_ghost_necromancy, minmay_misc_feat_rows,
          nicolae_shop_i_like_big_books, uniq_edmund
D:5:      minmay_razor_zed, layout_basic, grunt_gozag_statues,
          minmay_temple_entry_hall, enter_ossuary_5, nicolae_shop_firing_range
D:6:      layout_basic, grunt_dithmenos_shadows, serial_corexii_hall,
          chequers_hall_statues_wall_a, corexii_hall_statues_t
D:7:      layout_basic, gammafunk_ghost_wrathful_warriors
D:8:      layout_rooms, nicolae_ru_great_annihilating_truth,
          nicolae_eternal_life, wad_rectangle_vault, uniq_prince_ribbit1
D:9:      layout_loops_cross, roderic_st_hans_cross
D:10:     layout_basic, mainiacjoe_overflow_surrounded_room, nzn_ghost_randoct,
          enter_bailey_8, uniq_nergalle
D:11:     layout_gridville, david_lair_generic, laboratory, uniq_grum
D:12:     layout_rooms, erik_orc_4, enter_trove_6
D:13:     layout_stronghold
D:14:     layout_basic, lightli_vaults_fourway_checkpoint, serial_demonic,
          serial_demonic_d, serial_demonic_d, serial_demonic_c,
          serial_demonic_a, hangedman_corner_corridor

Skill      XL: |  1  2  3  4  5  6  7  8  9 10 11 12 |
---------------+-------------------------------------+-----
Long Blades    | 2 3 4 5 |  5.5
Armour         | 3 4 5 6 7 8 |  8.0
Dodging        | 1 2 3 |  3.5
Fighting       | 3 5 6 7 8 |  8.0
Axes           | 1 3 5 7 9 11 14 15 | 15.0
Shields        | 3 4 |  4.9
Stealth        | 1 |  1.2
Polearms       | 1 |  1.6

Action                     |  1- 3 |  4- 6 |  7- 9 | 10-12 || total
---------------------------+-------+-------+-------+-------++-------
  Melee: Long sword        |    72 |       |       |       ||    72
         War axe           |     8 |    90 |   257 |   468 ||   823
         Scythe            |       |       |       |    17 ||    17
    Use: Scroll            |     3 |     4 |    11 |     8 ||    26
         Potion            |       |     1 |     4 |     9 ||    14
   Stab: Paralysed         |       |       |     1 |       ||     1
         Invisible         |       |       |       |     4 ||     4
 Armour: Scale mail        |    55 |    43 |   120 |    17 ||   235
         Plate armour      |       |       |       |   227 ||   227
  Dodge: Dodged            |    70 |    37 |    99 |   168 ||   374
  Block: Buckler           |    19 |    18 |    49 |   129 ||   215

Table legend: (Time is in decaauts)
 A = Elapsed time spent in this place.
 B = Non-inter-level travel time spent in this place.
 C = Inter-level travel time spent in this place.
 D = Time resting spent in this place.
 E = Time spent auto-exploring this place.
 F = Levels seen in this place.
 G = Mean time per level.
                   A        B        C        D        E       F      G
               +--------+--------+--------+--------+--------+-----+--------+
         Total |  16202 |  15158 |   1044 |   4255 |   8770 |  14 | 1157.3 |
       Dungeon |  16202 |  15158 |   1044 |   4255 |   8770 |  14 | 1157.3 |
               +--------+--------+--------+--------+--------+-----+--------+

Top non-repeatable levels by time:
    D:13: 2215 daAuts
     D:5: 1481 daAuts
     D:8: 1368 daAuts
     D:2: 1327 daAuts
    D:12: 1304 daAuts
    D:10: 1296 daAuts
    D:11: 1219 daAuts
     D:6: 1171 daAuts
     D:7: 1114 daAuts
     D:1: 1104 daAuts
     D:9: 1052 daAuts
     D:3: 763 daAuts
     D:4: 738 daAuts
    D:14: 46 daAuts
